 Dungeon Crawl Stone Soup version bcrawl-1.38.3 (webtiles) character file.

Game seed: 3118661570808330777

8900895 Galewind the Acrobat (level 27, -10/184 HPs)
             Began as an Avariel Conjurer on June 16, 2023.
             Was the Champion of Vehumet.
             Mangled by a death cob (27 damage)
             ... on level 5 of the Realm of Zot on June 17, 2023.
             The game lasted 01:38:44 (65318 turns).

Galewind the Acrobat (Avariel Conjurer)            Turns: 65318, Time: 01:38:45

Health: -10/184    AC: 17    Str: 18    XL:     27
Magic:  7/60       EV: 23    Int: 38    God:    Vehumet [******]
Gold:   6886       SH:  4    Dex:  8    Spells: 25/71 levels left

rFire    + + +     GDR:     25% S - +7 lajatang of Interdependent Arising {slice, Str+5 Int+3}
rCold    + . .     SeeInvis +   (shield currently unavailable)
rNeg     . . .     Gourm    .   a - +2 faerie dragon scales {+Fly rPois MR+ rCorr}
rPois    +         Faith    .   f - +2 hat
rElec    +         Spirit   .   X - scarf {clouds}
rCorr    +         Reflect  +   y - +2 pair of gloves {Str+3}
MR       +++..     Rnd*Rage +   q - +2 pair of boots {run}
Stlth    +.........             Z - amulet of Xom's Flight of Fancy {Reflect rElec rF+++ Dex-3 Slay+4 SH+4, pickup}
HPRegen  0.40/turn              x - ring "Ralloydd" {rPois rF+ rC+ SInv}
MPRegen  0.37/turn              N - ring "Aggeyheo" {rPois MP+9 Str+4 SInv}

@: flying quickly and evasively, hasted and slowed, studying 2 skills, quick
A: berserk 2, clumsy 1, able to fly
}: 4/15 runes: serpentine, slimy, silver, gossamer
a: Stop Flying, Renounce Religion, Evoke Fog


You were on level 5 of the Realm of Zot.
You worshipped Vehumet.
Vehumet was exalted by your worship.
You were hungry.

You visited 11 branches of the dungeon, and saw 47 of its levels.
You visited 1 bazaar.
You also visited: Wizlab.

You collected 10416 gold pieces.
You spent 3530 gold pieces at shops.

Inventory:

Hand Weapons
 I - the +7 lajatang of Order {silver, rMut}
   (You found it on level 5 of the Depths)

   It protects you from mutation.
 S - the +7 lajatang of Interdependent Arising (weapon) {slice, Str+5 Int+3}
   (You bought it in a shop on level 9 of the Dungeon)

   It will always inflict at least some extra damage.
   This minimum extra damage increases with your current reserve of magical
   power.
   It affects your strength (+5).
   It affects your intelligence (+3).
Armour
 a - the +2 faerie dragon scales (worn) {+Fly rPois MR+ rCorr}
   (You took it off the Enchantress on level 2 of the Depths)

   It protects you from poison.
   It affects your resistance to hostile enchantments.
   It lets you fly.
   It provides partial protection from all sources of acid and corrosion.
 f - a +2 hat (worn)
 q - a +2 pair of boots of running (worn)
 y - a +2 pair of gloves of strength (worn)
 X - a scarf of clouds (worn)
Magical Staves
 r - an uncursed staff of power
 A - an uncursed staff of conjuration
 P - an uncursed staff of fire
Jewellery
 x - the ring "Ralloydd" (left hand) {rPois rF+ rC+ SInv}
   (You found it on level 5 of the Pits of Slime)

   [ring of poison resistance]

   It protects you from fire.
   It protects you from cold.
   It protects you from poison.
   It lets you see invisible.
 K - the amulet "Amius" {RegenMP Str+4 Slay+5}
   (You found it in a wizard's laboratory)

   [amulet of magic regeneration]

   It increases your magic regeneration.
   It affects your strength (+4).
   It affects your accuracy and damage with ranged weapons and melee attacks
   (+5).
 M - a +4 ring of protection
 N - the ring "Aggeyheo" (right hand) {rPois MP+9 Str+4 SInv}
   (You found it on level 5 of the Pits of Slime)

   [ring of magical power]

   It affects your strength (+4).
   It protects you from poison.
   It affects your magic capacity (+9).
   It lets you see invisible.
 Z - the amulet of Xom's Flight of Fancy (around neck) {Reflect rElec rF+++ Dex-3 Slay+4 SH+4, pickup}
   (You bought it in a shop in a bazaar)

   [amulet of reflection]

   It shields you and reflects attacks.
   It affects your dexterity (-3).
   It affects your accuracy and damage with ranged weapons and melee attacks
   (+4).
   It renders you almost immune to fire.
   It insulates you from electricity.
   It affects your SH (+4).
Wands
 B - a wand of acid (9)
 C - a wand of digging (7)
 E - a wand of iceblast (17)
 J - a wand of clouds (2)
 Q - a wand of disintegration (102)
 R - a wand of polymorph (10)
Scrolls
 c - 19 scrolls of remove curse
 j - 27 scrolls of teleportation
 n - 6 scrolls of amnesia
 p - 3 scrolls of noise
 u - 13 scrolls of enchant weapon
 v - a scroll of silence
 w - 3 scrolls of magic mapping
 F - 7 scrolls of immolation
 G - 11 scrolls of fear
 H - 4 scrolls of enchant armour
 O - a scroll of summoning
 T - 2 scrolls of brand weapon
 U - 4 scrolls of vulnerability
 V - 4 scrolls of fog
Potions
 b - 19 potions of curing
 d - 8 potions of might
 g - 8 potions of berserk rage
 h - 4 potions of agility
 i - 3 potions of ambrosia
 k - a potion of invisibility
 m - 8 potions of haste
 o - 6 potions of brilliance
 s - 11 potions of flight
 t - 7 potions of resistance
 z - 7 potions of mutation
 D - a potion of heal wounds
 L - 5 potions of cancellation
Miscellaneous
 l - a phantom mirror
Comestibles
 e - 49 rations {!d}


   Skills:
 - Level 22.0 Fighting
   Level 1.1 Short Blades
 - Level 16.0 Staves
 - Level 8.2 Crossbows
 - Level 5.0 Armour
 - Level 23.0 Dodging
 - Level 2.1 Stealth
 + Level 22.6 Spellcasting
 + Level 21.4 Conjurations
 + Level 21.6 Fire Magic
 - Level 8.0 Ice Magic


You had 25 spell levels left.
You knew the following spells:

 Your Spells              Type           Power        Failure   Level  Hunger
a - Magic Dart            Conj           ####         0%          1    None
b - Searing Ray           Conj           ########     0%          2    None
c - Iskenderun's Mystic   Conj           ########     0%          3    None
d - Sticky Flame          Conj/Fire      ########     0%          4    None
e - Bolt of Cold          Conj/Ice       ########..   1%          6    None
f - Bolt of Fire          Conj/Fire      ########..   0%          6    None
g - Icicle Burst          Conj/Ice       ########..   1%          7    None
h - Ignition              Fire           ########..   1%          8    ##.....
i - Fire Storm            Conj/Fire      ########..   3%          9    ####...

Your spell library contained the following spells:

 Spells                   Type           Power        Failure   Level  Hunger
 Chain Lightning          Conj/Air       #######...   16%         8    ##.....
 Lehudib's Crystal Spear  Conj/Erth      #######...   16%         8    ##.....
 Flame Tongue             Conj/Fire      #####        0%          1    None
 Sting                    Conj/Pois      ####         0%          1    None
 Shock                    Conj/Air       #######      0%          2    None
 Throw Frost              Conj/Ice       ######       0%          2    None
 Conjure Flame            Conj/Fire      ########     0%          3    None
 Throw Icicle             Conj/Ice       ########     0%          4    None
 Apportation              Tloc           #####.       1%          1    None
 Corona                   Hex            #####..      1%          1    None
 Freeze                   Ice            ######       1%          1    None
 Infusion                 Chrm           #####...     1%          1    None
 Sandblast                Erth           #####.       1%          1    None
 Slow                     Hex            #####...     1%          1    None
 Static Discharge         Air            #####.       1%          1    None
 Summon Butterflies       Summ           #####...     1%          1    None
 Blink                    Tloc           N/A          1%          2    None
 Call Imp                 Summ           #####.       1%          2    None
 Corpse Rot               Necr           N/A          1%          2    None
 Ensorcelled Hibernation  Hex/Ice        ######       1%          2    None
 Poisonous Vapours        Pois/Air       #####.       1%          2    None
 Shackle                  Hex            #####...     1%          2    None
 Sublimation of Blood     Necr           #####.....   1%          2    None
 Swiftness                Chrm/Air       #####...     1%          2    None
 Ignite Poison            Fire/Tmut/Pois #######.     1%          3    None
 Inner Flame              Hex/Fire       N/A          1%          3    None
 Mephitic Cloud           Conj/Pois/Air  #######.     1%          3    None
 Ozocubu's Armour         Chrm/Ice       ######..     1%          3    None
 Fulminant Prism          Conj/Hex       #######...   1%          4    None
 Ice Form                 Ice/Tmut       ######..     1%          4    None
 Lightning Bolt           Conj/Air       #######.     1%          4    None
 Summon Ice Beast         Ice/Summ       ######..     1%          4    None
 Yara's Violent Unravell  Hex/Tmut       #####.....   1%          4    None
 Bolt of Draining         Conj/Necr      #######...   1%          5    None
 Bolt of Magma            Conj/Fire/Erth ########..   1%          5    None
 Freezing Cloud           Ice/Air        ######..     1%          5    None
 Irradiate                Conj/Tmut      #######...   1%          5    None
 Steam Barrier            Chrm/Fire      #######...   1%          5    None
 Venom Bolt               Conj/Pois      #######...   1%          5    None
 Conjure Ball Lightning   Conj/Air       #######...   1%          6    None
 Iron Shot                Conj/Erth      #######...   1%          6    None
 Ozocubu's Refrigeration  Ice            #######...   1%          6    None
 Poison Arrow             Conj/Pois      #######...   1%          6    None
 Call Canine Familiar     Summ           #####...     2%          3    None
 False Image              Hex/Summ       #####...     2%          3    None
 Recall                   Summ/Tloc      N/A          2%          3    None
 Regeneration             Chrm/Necr      #####.....   2%          3    None
 Spectral Weapon          Hex/Chrm       #####...     2%          3    None
 Spider Form              Tmut/Pois      ###          2%          3    None
 Tukima's Dance           Hex            #####...     2%          3    None
 Vampiric Draining        Necr           #####.....   2%          3    None
 Mana Rupture             Conj/Hex       #######...   2%          7    None
 Metabolic Englaciation   Hex/Ice        ######....   3%          5    None
 Agony                    Necr           #####...     7%          4    None
 Animate Dead             Necr           N/A          7%          4    None
 Cause Fear               Hex            #####.....   7%          4    None
 Petrify                  Tmut/Erth      #####.....   7%          4    None
 Summon Scorpions         Summ/Pois      #####...     7%          4    None
 Dispel Undead            Necr           #####...     21%         5    None
 Summon Lightning Spire   Summ/Air       #####...     21%         5    None
 Summon Mana Viper        Hex/Summ       #####...     21%         5    None
 Simulacrum               Ice/Necr       ######..     22%         6    None
 Borgnjor's Vile Clutch   Necr/Erth      #####.....   73%         6    None
 Darkness                 Hex            #####.....   73%         6    None
 Death Channel            Chrm/Necr      #####.....   73%         6    None
 Infestation              Hex/Tmut/Pois  #####....    73%         6    None
 Statue Form              Tmut/Erth      #####....    73%         6    None
 Summon Hydra             Summ           #####.....   73%         6    None
 Virulence                Hex/Pois       #####...     73%         6    None
 Discord                  Hex            #####.....   99%         7    None
 Monstrous Menagerie      Summ           #####.....   99%         7    None
 Shadow Creatures         Summ           N/A          99%         7    None
 Time Stop                Chrm/Tloc      N/A          100%        8    ##.....
 Tornado                  Tloc/Air       #####.....   100%        8    ##.....
 Shatter                  Erth           #####.....   100%        9    ####...


Dungeon Overview and Level Annotations

Branches:
Dungeon (12/12)            Temple (1/1) D:6            Lair (6/6) D:9
  Snake (3/3) Lair:2       Spider (3/3) Lair:4        Slime (5/5) Lair:6
    Orc (1/1) D:8             Elf (3/3) Orc          Vaults (3/3) D:12
  Crypt (0/2) Vaults:2     Depths (5/5) D:12            Zot (5/5) Depths:5

Altars:
Ashenzari
Cheibriados
Dithmenos
Elyvilon
Fedhas
Gozag
Hepliaklqana
Kikubaaqudgha
Lugonu
Makhleb
Nemelex Xobeh
Okawaru
Qazlal
Ru
Sif Muna
Trog
Uskayaw
Vehumet
Wu Jian
Xom
Yredelemnul
Zin
The Shining One
Jiyva

Shops:
D:5 !   D:6 !   D:8 ?   D:9 (   Orc [(=*   Elf:1 =}}   Snake:2 (   Snake:3 *!
Vaults:2 *

Portals:
Hell: Depths:1 Depths:2 Depths:3 Depths:4 Depths:5
Abyss: Depths:4 Depths:5
Pandemonium: Depths:2 Depths:3 Depths:5
Ziggurat: Depths:5

Annotations:
Elf:2 3 runed doors
Zot:4 3 runed translucent doors, Juzit's ghost, legendary GnFi


Innate Abilities, Weirdness & Mutations

You can fly continuously.
You often lose your temper in combat.
You are clumsy. (Dex -2)


Message History

The burst of ice shards hits the death cob!
The burst of ice shards hits the death cob.
The orb of fire is almost destroyed.
The death cob is severely damaged.
The death cob completely misses you.
Unknown command.
You cut the orb of fire into ribbons!!!
You destroy the orb of fire!
Vehumet accepts your kill.
You feel your power returning. The death cob misses you.
You hear a distant "Zot"!
The death cob misses you.
The death cob hits you but does no damage.
You hear a distant "Zot"! x2
The death cob hits you!
* * * LOW HITPOINT WARNING * * *
The death cob drains your vigour!
You feel as though you will be slow longer.
The death cob hits you!!
You die...

.....:....# ##.[...).........)
.##.##.##.### ##......[..........
.##.##.##...###...#####).#####L.#
....[.☼......#...## #/)# #..#
###.##.###......## #..# #..#
#.##.# ##....## #..# #.D#
#....####...## #..# #..#
###...##.....########..#####D.#
#...........@z..L..D.........
##...........................
####....####################
######


You could see an ancient lich, a storm dragon and a death cob.

Vanquished Creatures
  Dissolution (Slime:4)
  the Royal Jelly (Slime:5)
  5 juggernauts
  2 orbs of fire
  Mennas (Depths:3)
  Mara (Vaults:3)
  An ancient lich (WizLab)
  the Enchantress (Depths:2)
  5 golden dragons
  4 caustic shrikes
  A Killer Klown (Zot:2)
  Margery (Vaults:3)
  2 curse toes (Zot:2)
  2 bone dragons
  2 rockslimes
  3 Orb Demons
  An electric golem (Zot:1)
  Rupert (Spider:1)
  6 tentacled monstrosities
  2 liches (Depths:1)
  Frances (Spider:1)
  4 Orb Guardians (Zot:5)
  A deep elf blademaster (Elf:3)
  Asterion (Vaults:3)
  A quicksilver dragon (Vaults:3)
  2 titans (Vaults:3)
  2 deep elf master archers (Elf:3)
  24 acid blobs
  4 death cobs
  5 sphinxes
  4 shadow dragons
  6 tengu reavers
  8 nagarajas (Snake:3)
  5 storm dragons
  Roxanne (Spider:1)
  8 fire giants
  6 draconian monks
  3 draconian knights
  Donald (Slime:5)
  8 azure jellies
  11 deep elf sorcerers
  3 war gargoyles (Vaults:3)
  An iron dragon (Vaults:3)
  15 frost giants
  4 ghost moths
  8 vault wardens
  Aizul (Snake:1)
  24 stone giants
  5 emperor scorpions
  An orc warlord (Vaults:2)
  4 spectral caustic shrikes (Depths:1)
  3 draconian annihilators
  2 cacodemons
  5 draconian stormcallers
  4 draconian shifters
  3 draconian scorchers
  4 deep elf elementalists (Elf:3)
  21 ironheart preservers
  13 very ugly things
  8 spriggan defenders
  12 green draconians
  13 deep elf annihilators
  A vampire knight (Depths:3)
  An entropy weaver (Spider:2)
  7 purple draconians
  14 red draconians
  6 spark wasps (Depths:2)
  6 deep elf death magi
  3 deep elf demonologists (Elf:3)
  6 black draconians
  14 yellow draconians
  A blizzard demon (Depths:2)
  4 white draconians
  Azrael (Spider:2)
  10 dire elephants
  14 ettins
  2 mummy priests (WizLab)
  A merfolk javelineer (Depths:4)
  A green death (Depths:3)
  Urug (Orc)
  14 fire dragons
  2 crystal guardians (Vaults:3)
  7 deep elf high priests
  Erolcha (D:10)
  17 ice dragons
  5 spriggan air magi
  20 yaktaur captains
  8 naga warriors
  Erica (D:11)
  27 vault guards
  11 hydras
  3 anacondas
  A shadow wraith (Vaults:3)
  14 great orbs of eyes
  5 rakshasas
  2 death knights
  17 death oozes
  22 two-headed ogres
  8 deep troll shamans
  A catoblepas (Lair:4)
  A queen ant (D:11)
  9 ogre magi
  20 dancing weapons
  2 orc high priests
  7 deep troll earth magi
  The ghost of SansUndertale the Covert, a novice NaAc of Sif Muna (D:8)
  2 vampire magi (Vaults:2)
  3 sea snakes (Snake:2)
  8 tengu warriors
  4 ironheart beastmasters
  7 death yaks (Lair:6)
  5 shock serpents (Snake:2)
  A titan zombie (WizLab)
  The ghost of kosoiffoigrumme1174 the Ruffian, a novice TrAc (D:7)
  9 naga sharpshooters (Snake:3)
  A spriggan berserker (Depths:2)
  3 sun demons
  17 deep elf knights
  18 deep trolls
  A sixfirhy (Depths:3)
  A soul eater (Depths:3)
  12 centaur warriors
  A salamander mystic (Snake:3)
  A skeletal warrior (Vaults:1)
  2 iron trolls
  28 hell knights
  2 unseen horrors (D:12)
  4 glowing orange brains
  A swamp dragon (shapeshifter) (Vaults:3)
  10 wizards
  14 ironheart convokers
  A swamp dragon (Lair:6)
  6 naga ritualists
  2 lindwurms (Lair:6)
  25 deep elf archers
  A cyclops (Vaults:1)
  3 flayed ghosts
  2 wolf spider zombies (D:12)
  3 orc knights (Orc)
  A salamander (shapeshifter) (Elf:2)
  3 mana vipers
  11 necromancers
  4 phantasmal warriors
  An orange crystal statue (Spider:2)
  9 orb spiders
  A shadow dragon skeleton (Depths:4)
  33 ugly things
  2 frost giant zombies (WizLab)
  22 wolf spiders
  3 shining eyes
  7 orc sorcerers
  60 deep elf magi
  2 stone giant zombies
  6 salamanders
  2 manticores
  2 oklob plants (Lair:5)
  A fire giant zombie (WizLab)
  A demonspawn zombie (WizLab)
  A fire giant skeleton (Depths:4)
  19 moths of wrath
  A titan simulacrum (Depths:4)
  19 elephants
  20 naga magi
  A frost giant skeleton (Depths:4)
  2 torpor snails
  14 vault sentinels
  A torpor snail (shapeshifter) (Depths:4)
  27 black mambas
  A smoke demon (Depths:2)
  A rust devil (Depths:5)
  8 cane toads
  2 orange demons
  14 jumping spiders
  2 human zombies
  5 komodo dragons
  12 demonic crawlers
  3 hellwings
  7 rime drakes
  31 yaktaurs
  5 ice devils
  2 eyes of draining
  4 freezing wraiths
  5 guardian mummies (WizLab)
  A queen bee (shapeshifter) (Vaults:1)
  6 trolls
  A dryad (D:9)
  2 red devils
  A wolf spider simulacrum (D:12)
  Maurice (D:9)
  A polar bear (Lair:6)
  7 hornets
  101 slime creatures
  4 harpy skeletons
  A meliai zombie (D:10)
  3 dream sheep (Lair:6)
  A deep troll zombie (WizLab)
  A stone giant simulacrum (Vaults:2)
  14 blink frogs
  Grum (Lair:6)
  11 water elementals
  An ettin skeleton (Vaults:3)
  8 hippogriffs
  5 wraiths
  4 air elementals
  2 ynoxinuls (Depths:3)
  16 tarantellas
  7 spriggans
  A wyvern (shapeshifter) (Depths:2)
  33 yaks
  A tarantella (shapeshifter) (Vaults:3)
  A wyvern (D:10)
  22 humans (D:12)
  4 golden eyes
  3 steam dragons
  A yak (shapeshifter) (Depths:4)
  3 basilisks
  2 chaos spawn (Depths:3)
  11 fire elementals
  A neqoxec (Depths:3)
  21 redbacks
  An elf zombie (WizLab)
  A gelid demonspawn zombie (WizLab)
  A warg (Orc)
  An acid dragon (shapeshifter) (Vaults:1)
  17 nagas
  A harpy simulacrum (D:12)
  3 acid dragons
  A crocodile (shapeshifter) (Depths:2)
  A hell hound (Spider:2)
  A torturous demonspawn zombie (WizLab)
  6 water moccasins
  7 porcupines
  24 soldier ants
  13 crocodiles
  2 floating eyes (Depths:3)
  A swamp drake (Lair:6)
  A hornet zombie (D:12)
  A floating eye (shapeshifter) (Depths:5)
  3 ice beasts
  A black bear (shapeshifter) (Vaults:3)
  29 orc warriors
  A sky beast (shapeshifter) (Vaults:3)
  A black bear (Lair:3)
  3 sky beasts
  22 ogres
  2 boggarts
  A tengu (shapeshifter) (Vaults:3)
  13 wolves
  10 bullfrogs
  3 kobold brigands
  An earth elemental (Elf:3)
  4 centaurs
  2 scorpions
  46 killer bees
  A statue (D:9)
  8 wights
  24 orc priests
  6 electric eels
  5 howler monkeys
  7 crimson imps
  10 jellies
  7 quasits
  A bullfrog zombie (D:5)
  A gnoll shaman (D:9)
  A human simulacrum (Vaults:2)
  17 orc wizards
  5 hounds
  2 bullfrog skeletons (D:5)
  2 iron imps
  7 iguanas
  29 worker ants
  A killer bee zombie (D:8)
  2 hound skeletons
  A worker ant zombie (D:8)
  10 gnolls
  A howler monkey skeleton (D:9)
  9 adders
  6 shadow imps
  4 white imps
  An ufetubus (Depths:5)
  10 oozes
  An adder zombie (D:8)
  2 adder skeletons
  5 worms
  2 dart slugs (D:4)
  4 leopard geckos
  62 orcs
  A bat (shapeshifter) (Vaults:3)
  2 giant cockroaches
  7 goblins
  11 hobgoblins
  2 jackals (D:5)
  10 kobolds
  3 quokkas
  7 bats
  3 frilled lizards
  A quokka skeleton (D:4)
  5 rats
  2 fire vortices
  4 fungi
  8 plants
2048 creatures vanquished.

Vanquished Creatures (collateral kills)
  An electric golem (Zot:2)
  A storm dragon (Zot:4)
  A yellow draconian (Zot:1)
  A red draconian (Zot:2)
  An iron troll (Depths:3)
  A moth of wrath (Zot:2)
6 creatures vanquished.

Vanquished Creatures (others)
  A death cob (Zot:1)
  An orc warlord (Orc)
  An ironheart preserver (Vaults:3)
  A deep elf archer (Elf:2)
  A wizard (Vaults:1)
  3 moths of wrath (Zot:5)
  A yaktaur (Depths:1)
  A crocodile (Lair:6)
  An orc warrior (Orc)
  78 fire vortices
  23 fungi
  56 plants
  27 spectral weapons
  9 toadstools (D:7)
204 creatures vanquished.

Grand Total: 2258 creatures vanquished

Notes
Turn   | Place    | Note
-------+----------+-------------------------------------------
     0 | D:1      | Galewind the Avariel Conjurer began the quest for the Orb.
     0 | D:1      | Reached XP level 1. HP: 10/10 MP: 6/6
   246 | D:1      | Reached XP level 2. HP: 15/15 MP: 5/7
   271 | D:1      | Learned a level 2 spell: Searing Ray
   654 | D:1      | Reached XP level 3. HP: 19/19 MP: 7/9
   658 | D:1      | Learned a level 3 spell: Iskenderun's Mystic Blast
  1355 | D:2      | Reached XP level 4. HP: 24/24 MP: 9/11
  1407 | D:2      | Found a radiant altar of Vehumet.
  1418 | D:2      | Became a worshipper of Vehumet
  1915 | D:3      | Found a stormy altar of Qazlal.
  1926 | D:3      | Noticed an ogre
  1931 | D:3      | Killed an ogre
  1932 | D:3      | Reached XP level 5. HP: 28/28 MP: 2/13
  2066 | D:3      | Found a shadowy altar of Dithmenos.
  2350 | D:3      | Noticed a sky beast
  2358 | D:3      | Killed a sky beast
  2359 | D:3      | Reached skill level 5 in Spellcasting
  2359 | D:3      | Reached XP level 6. HP: 33/33 MP: 9/15
  2640 | D:4      | Reached skill level 1 in Fighting
  2640 | D:4      | Reached XP level 7. HP: 31/38 MP: 7/17
  3106 | D:4      | Reached * piety under Vehumet
  3106 | D:4      | Offered knowledge of Flame Tongue by Vehumet.
  3107 | D:4      | Reached skill level 3 in Dodging
  3220 | D:4      | Reached XP level 8. HP: 43/43 MP: 14/21
  3691 | D:5      | Entered Level 5 of the Dungeon
  3700 | D:5      | Reached skill level 10 in Conjurations
  3823 | D:5      | Offered knowledge of Sting by Vehumet.
  3897 | D:5      | Found Kysonut's Distillery.
  3978 | D:5      | Reached ** piety under Vehumet
  4498 | D:5      | Bought a potion of heal wounds for 75 gold pieces
  4498 | D:5      | Bought a potion of curing for 37 gold pieces
  4498 | D:5      | Bought a potion of haste for 150 gold pieces
  4697 | D:5      | Found an iron altar of Okawaru.
  4721 | D:5      | Found an opulent altar of Gozag.
  4721 | D:5      | Found a bloodstained altar of Trog.
  4958 | D:6      | Gained mutation: You can fly continuously. [Avariel growth]
  4958 | D:6      | Reached XP level 9. HP: 47/47 MP: 17/24
  4994 | D:6      | Found a hide-covered altar of Uskayaw.
  5036 | D:6      | Found Jukkij's Distillery.
  5345 | D:6      | Found a staircase to the Ecumenical Temple.
  5544 | Temple   | Entered the Ecumenical Temple
  6171 | D:7      | Found a transporter.
  6190 | D:7      | Found a transporter.
  6190 | D:7      | Noticed kosoiffoigrumme1174's ghost (novice TrAc)
  6206 | D:7      | Noticed a white ugly thing
  6232 | D:7      | Got a faintly humming plate armour
  6522 | D:7      | Reached skill level 10 in Spellcasting
  6749 | D:7      | Offered knowledge of Conjure Flame by Vehumet.
  7241 | D:7      | Reached *** piety under Vehumet
  7334 | D:8      | Noticed a troll
  7336 | D:8      | Reached skill level 4 in Dodging
  7432 | D:8      | Killed a troll
  7433 | D:8      | Reached XP level 10. HP: 54/54 MP: 18/27
  7483 | D:8      | Found a transporter.
  7483 | D:8      | Noticed SansUndertale's ghost (novice NaAc)
  7543 | D:8      | Found a shattered altar of Ashenzari.
  7547 | D:8      | Reached skill level 5 in Dodging
  7550 | D:8      | Offered knowledge of Sticky Flame by Vehumet.
  7556 | D:8      | Learned a level 4 spell: Sticky Flame
  7791 | D:8      | Found a transporter.
  7807 | D:8      | Found Jontiso's Magic Scroll Boutique.
  7835 | D:8      | Bought a scroll of immolation for 38 gold pieces
  7835 | D:8      | Bought a scroll of magic mapping for 38 gold pieces
  7835 | D:8      | Bought a scroll of teleportation for 33 gold pieces
  7835 | D:8      | Bought a scroll of identify for 22 gold pieces
  7835 | D:8      | Bought a scroll of teleportation for 33 gold pieces
  7835 | D:8      | Bought a scroll of fear for 55 gold pieces
  7835 | D:8      | Bought a scroll of identify for 22 gold pieces
  7835 | D:8      | Bought a scroll of identify for 22 gold pieces
  7835 | D:8      | Bought a scroll of identify for 22 gold pieces
  7853 | D:8      | Reached skill level 6 in Dodging
  8026 | D:8      | Reached **** piety under Vehumet
  8157 | D:8      | Offered knowledge of Mephitic Cloud by Vehumet.
  8161 | D:8      | Reached skill level 7 in Dodging
  8462 | D:8      | Found a staircase to the Orcish Mines.
  8676 | D:9      | Reached skill level 8 in Dodging
  8866 | D:9      | Found Ivugorph's Antique Weapon Shop.
  8881 | D:9      | Reached skill level 9 in Dodging
  8884 | D:9      | Reached XP level 11. HP: 62/62 MP: 11/28
  9010 | D:9      | Reached skill level 5 in Fighting
  9107 | D:9      | Found a staircase to the Lair.
  9118 | D:9      | Reached skill level 10 in Dodging
  9199 | D:9      | Noticed Maurice
  9207 | D:9      | Killed Maurice
  9590 | Lair:1   | Entered Level 1 of the Lair of Beasts
 10013 | Lair:1   | Reached skill level 11 in Dodging
 10050 | Lair:1   | Reached skill level 1 in Fire Magic
 10680 | Lair:2   | Reached skill level 12 in Dodging
 10883 | Lair:2   | Reached ***** piety under Vehumet
 10886 | Lair:2   | Offered knowledge of Venom Bolt by Vehumet.
 10997 | Lair:2   | Found a shadowy altar of Dithmenos.
 11019 | Lair:2   | Reached XP level 12. HP: 70/70 MP: 14/29
 11534 | Lair:2   | Found a staircase to the Snake Pit.
 12937 | Lair:4   | Noticed a five-headed hydra
 12958 | Lair:4   | Killed a five-headed hydra
 13166 | Lair:3   | Reached skill level 15 in Conjurations
 13293 | Lair:4   | Found a hole to the Spider Nest.
 13308 | Lair:4   | Noticed a catoblepas
 13313 | Lair:4   | Killed a catoblepas
 13420 | Lair:4   | Reached XP level 13. HP: 73/74 MP: 6/32
 13869 | Lair:5   | Offered knowledge of Bolt of Cold by Vehumet.
 13980 | Lair:4   | Learned a level 6 spell: Bolt of Cold
 14202 | Lair:5   | Noticed an ice dragon
 14210 | Lair:5   | Killed an ice dragon
 14211 | Lair:5   | Reached skill level 15 in Spellcasting
 14211 | Lair:5   | Reached skill level 1 in Ice Magic
 14258 | Lair:5   | Got a wavering turquoise ring
 14259 | Lair:5   | Identified a scroll of acquirement
 14260 | Lair:5   | Identified the +1 pair of gloves of Nueror {rC+} (You
                  | acquired it on level 5 of the Lair of Beasts)
 14260 | Lair:5   | Identified the Grimoire of the Volcanoes and Venom (You
                  | acquired it on level 5 of the Lair of Beasts)
 14272 | Lair:5   | Learned a level 6 spell: Bolt of Fire
 14488 | Lair:5   | Reached skill level 5 in Fire Magic
 14582 | Lair:5   | Identified the ring of Efurgh Fera {Ice Str+2 Int+2 Dex+5}
                  | (You found it on level 5 of the Lair of Beasts)
 15364 | D:9      | Bought an iridescent lajatang for 580 gold pieces
 15364 | D:9      | Identified the +7 lajatang of Interdependent Arising
                  | {slice, Str+5 Int+3} (You bought it in a shop on level 9 of
                  | the Dungeon)
 15614 | Lair:6   | Entered Level 6 of the Lair of Beasts
 15711 | Lair:6   | Reached skill level 1 in Staves
 15946 | Lair:6   | Found a viscous altar of Jiyva.
 15947 | Lair:6   | Found a staircase to the Slime Pits.
 15948 | Lair:6   | Found a viscous altar of Jiyva.
 16105 | Lair:6   | Reached skill level 5 in Staves
 16108 | Lair:6   | Reached XP level 14. HP: 80/80 MP: 12/35
 16395 | Lair:6   | Offered knowledge of Bolt of Draining by Vehumet.
 16498 | Lair:6   | Noticed Grum
 16500 | Lair:6   | Killed Grum
 17315 | Lair:6   | Noticed a dire elephant
 17326 | Lair:6   | Killed a dire elephant
 17991 | Orc      | Entered the Orcish Mines
 18002 | Orc      | Reached skill level 5 in Ice Magic
 18424 | Orc      | Noticed Urug
 18428 | Orc      | Killed Urug
 18429 | Orc      | Reached skill level 10 in Staves
 18438 | Orc      | Paralysed by an orc sorcerer for 2 turns
 18554 | Orc      | Noticed an orc warlord
 18760 | Orc      | Found a roughly hewn altar of Beogh.
 18775 | Orc      | Offered knowledge of Icicle Burst by Vehumet.
 18778 | Orc      | Killed an orc warlord
 18893 | Orc      | Reached XP level 15. HP: 84/84 MP: 23/36
 18929 | Orc      | Learned a level 7 spell: Icicle Burst
 18958 | Orc      | Found Ohiy's General Store.
 18962 | Orc      | Found Kohiriwo's Antique Weapon Emporium.
 18972 | Orc      | Found Umotwega's Antique Armour Emporium.
 19003 | Orc      | Bought a potion of magic for 70 gold pieces
 19070 | Orc      | Found a staircase to the Elven Halls.
 19282 | Orc      | Found Kaekeun's Jewellery Emporium.
 19546 | D:10     | Entered Level 10 of the Dungeon
 19546 | D:10     | Found a shimmering blue altar of Sif Muna.
 19563 | D:10     | Noticed Erolcha
 19565 | D:10     | Killed Erolcha
 20982 | D:11     | Noticed Erica
 20984 | D:11     | Killed Erica
 21564 | D:12     | Entered Level 12 of the Dungeon
 21575 | D:12     | Found a flickering gateway to a bazaar.
 21597 | Bazaar   | Entered a bazaar
 21600 | Bazaar   | Found Zaitene's Armour Shop.
 21604 | Bazaar   | Found Kaxedet's Food Boutique.
 21614 | Bazaar   | Found Gipse's Assorted Antiques.
 21614 | Bazaar   | Found Tuiguk's Jewellery Boutique.
 21634 | Bazaar   | Bought a +0 pair of boots of running for 220 gold pieces
 21647 | Bazaar   | Found the +6 staff of Battle {slice, MP+12}
 21662 | Bazaar   | Bought a scroll labeled QUWYOTT IZXE for 34 gold pieces
 21662 | Bazaar   | Bought a scroll of identify for 68 gold pieces
 21662 | Bazaar   | Bought a wizard robe for 193 gold pieces
 21680 | Bazaar   | Bought the amulet of Xom's Flight of Fancy {Reflect rElec
                  | rF+++ Dex-3 Slay+4 SH+4} for 810 gold pieces
 21683 | Bazaar   | Identified the cursed +0 robe of Kikubaaqudgha's Envy
                  | {rElec Int+2 Stlth-} (You bought it in a shop in a bazaar)
 22515 | D:12     | Found a staircase to the Depths.
 22519 | D:12     | Offered knowledge of Conjure Ball Lightning by Vehumet.
 22839 | D:12     | Found a gate to the Vaults.
 23012 | D:12     | Found a stormy altar of Qazlal.
 23200 | Snake:1  | Entered Level 1 of the Snake Pit
 23587 | Snake:1  | Noticed Aizul
 23596 | Snake:1  | Killed Aizul
 23880 | Snake:2  | Found Jallala's Antique Weapon Boutique.
 23926 | Snake:2  | Reached XP level 16. HP: 90/90 MP: 31/37
 24804 | Snake:3  | Entered Level 3 of the Snake Pit
 24839 | Snake:3  | Found Lanob's Distillery.
 24844 | Snake:3  | Bought a potion of lignification for 42 gold pieces
 24844 | Snake:3  | Bought a potion of brilliance for 56 gold pieces
 24857 | Snake:3  | Found Cineakh's Mayhem Merchandise.
 25246 | Snake:3  | Noticed a nagaraja
 25250 | Snake:3  | Killed a nagaraja
 25275 | Snake:3  | Noticed a nagaraja
 25278 | Snake:3  | Killed a nagaraja
 25365 | Snake:3  | Reached skill level 10 in Fighting
 25491 | Snake:3  | Noticed a nagaraja
 25495 | Snake:3  | Killed a nagaraja
 25496 | Snake:3  | Offered knowledge of Poison Arrow by Vehumet.
 25584 | Snake:3  | Noticed a nagaraja
 25590 | Snake:3  | Killed a nagaraja
 25674 | Snake:3  | Identified the +2 war axe "Killer Klown's Bane" {chop, rC+
                  | Str-3 Dex+4 Stlth+}
 25678 | Snake:3  | Noticed a nagaraja
 25682 | Snake:3  | Killed a nagaraja
 25683 | Snake:3  | Noticed a nagaraja
 25685 | Snake:3  | Killed a nagaraja
 25791 | Snake:3  | Noticed a nagaraja
 25794 | Snake:3  | Killed a nagaraja
 25829 | Snake:3  | Reached skill level 10 in Fire Magic
 26036 | Snake:3  | Reached XP level 17. HP: 104/104 MP: 16/38
 26595 | Snake:3  | Got a serpentine rune of Zot
 26928 | Elf:1    | Entered Level 1 of the Elven Halls
 27093 | Elf:1    | Found a magical portal.
 27258 | WizLab   | Entered Doroklohe's Tomb
 27606 | WizLab   | Noticed an ancient lich
 27611 | WizLab   | Killed an ancient lich
 27786 | WizLab   | Found the brooch of Shielding {Reflect SH+8}
 28064 | WizLab   | Identified the amulet "Amius" {RegenMP Str+4 Slay+5} (You
                  | found it in a wizard's laboratory)
 28475 | Elf:1    | Offered knowledge of Mana Rupture by Vehumet.
 28739 | Elf:1    | Found Qoablil's Jewellery Shop.
 28740 | Elf:1    | Found Ciasaips's Gadget Emporium.
 28740 | Elf:1    | Found Ably's Gadget Emporium.
 29278 | Elf:1    | Identified the Tome of Attacks and Calling
 29571 | Elf:2    | Reached XP level 18. HP: 108/110 MP: 16/39
 30160 | Snake:3  | Bought a book of the Tempests for 910 gold pieces
 30169 | Snake:3  | Learned a level 8 spell: Ignition
 31040 | Elf:2    | Found a runed gate.
 31041 | Elf:2    | Found a runed gate.
 31041 | Elf:2    | Found a runed gate.
 31294 | Elf:3    | Entered Level 3 of the Elven Halls
 31696 | Elf:3    | Reached ****** piety under Vehumet
 31775 | Elf:3    | Noticed a deep elf master archer
 31779 | Elf:3    | Reached skill level 15 in Fire Magic
 31781 | Elf:3    | Noticed a deep elf master archer
 31782 | Elf:3    | Killed a deep elf master archer
 31782 | Elf:3    | Offered knowledge of Lehudib's Crystal Spear by Vehumet.
 31782 | Elf:3    | Offered knowledge of Fire Storm by Vehumet.
 31782 | Elf:3    | Offered knowledge of Chain Lightning by Vehumet.
 31783 | Elf:3    | Killed a deep elf master archer
 31788 | Elf:3    | Noticed a deep elf blademaster
 31793 | Elf:3    | Killed a deep elf blademaster
 31947 | Elf:3    | Reached XP level 19. HP: 115/115 MP: 41/41
 31948 | Elf:3    | Identified the ring of the Lion {Fire Int+5}
 31953 | Elf:3    | Identified the ring "Hucuaqoc" {rC+ Str+3 Dex-5 SInv}
 31955 | Elf:3    | Identified the +0 robe "Keissaapn" {rPois}
 32162 | Elf:3    | Identified the cursed -2 pair of gloves of Tasazes {MR+
                  | Regen+}
 32207 | Elf:3    | Identified the Guide on Execration
 32281 | Elf:3    | Learned a level 9 spell: Fire Storm
 32969 | Vaults:1 | Entered Level 1 of the Vaults
 33161 | Vaults:1 | Reached skill level 5 in Crossbows
 34026 | Vaults:1 | Identified the cursed +1 shortbow "Piom" {venom, *Slow rN+
                  | Int+2}
 34280 | Vaults:1 | Reached XP level 20. HP: 121/121 MP: 43/43
 36129 | Vaults:2 | Found Arievar's Assorted Antiques.
 37007 | Vaults:2 | Found a staircase to the Crypt.
 37454 | Vaults:3 | Entered Level 3 of the Vaults
 37456 | Vaults:3 | Reached XP level 21. HP: 127/127 MP: 46/46
 37461 | Vaults:3 | Noticed Margery
 37463 | Vaults:3 | Noticed Mara
 37953 | Spider:1 | Entered Level 1 of the Spider Nest
 37978 | Spider:1 | Noticed Frances
 37982 | Spider:1 | Killed Frances
 38084 | Spider:1 | Noticed Roxanne
 38090 | Spider:1 | Killed Roxanne
 38592 | Spider:1 | Noticed Rupert
 38596 | Spider:1 | Killed Rupert
 39784 | Spider:2 | Noticed Azrael
 39787 | Spider:2 | Killed Azrael
 40108 | Spider:3 | Entered Level 3 of the Spider Nest
 40399 | Spider:2 | HP: 6/127 [something (9)]
 41406 | Depths:1 | Entered Level 1 of the Depths
 41491 | Depths:1 | Found a gateway to Hell.
 41752 | Depths:1 | Noticed a golden dragon
 41755 | Depths:1 | Killed a golden dragon
 41756 | Depths:1 | Reached skill level 13 in Dodging
 41780 | Depths:1 | Reached skill level 14 in Dodging
 42056 | Depths:1 | Reached skill level 15 in Dodging
 42147 | Depths:1 | Reached XP level 22. HP: 97/132 MP: 48/48
 42457 | Depths:1 | Reached skill level 16 in Dodging
 42530 | Depths:1 | Identified the +8 mace "Rokkuc" {venom, rElec rPois Int+6}
 42585 | Depths:1 | Found a shimmering altar of Xom.
 42877 | Depths:1 | Reached skill level 17 in Dodging
 43911 | Spider:3 | Reached skill level 18 in Dodging
 44493 | Spider:3 | Got a gossamer rune of Zot
 45277 | Vaults:3 | Reached skill level 19 in Dodging
 45280 | Vaults:3 | Noticed Galewind's illusion
 45280 | Vaults:3 | Got a silver rune of Zot
 45313 | Vaults:3 | Killed Mara
 45481 | Vaults:3 | Identified the +3 rapier of Spite {freeze, rC- Str+6}
 45535 | Vaults:3 | Noticed a juggernaut
 45539 | Vaults:3 | Killed a juggernaut
 45730 | Vaults:3 | Reached skill level 1 in Short Blades
 45730 | Vaults:3 | Reached skill level 20 in Dodging
 45730 | Vaults:3 | Reached XP level 23. HP: 85/136 MP: 32/49
 45819 | Vaults:3 | Identified the +6 hunting sling of Naicrea {freeze, rN+
                  | Int+4}
 45967 | Vaults:3 | Killed Margery
 45973 | Vaults:3 | Noticed a juggernaut
 45981 | Vaults:3 | Killed a juggernaut
 46793 | Vaults:3 | Noticed a juggernaut
 46797 | Vaults:3 | Killed a juggernaut
 46913 | Vaults:3 | Reached skill level 15 in Fighting
 46931 | Vaults:3 | Identified the ring of Apteof {Dex+6 Stlth--}
 47103 | Vaults:3 | Noticed Asterion
 47107 | Vaults:3 | Killed Asterion
 47946 | Vaults:3 | Reached XP level 24. HP: 150/150 MP: 42/49
 48588 | Vaults:3 | Identified the +1 ring mail "Xuxos" {rF+ Slay+3} (You
                  | acquired it on level 3 of the Vaults)
 48588 | Vaults:3 | Identified the Incunabulum of Combat Magic (You acquired it
                  | on level 3 of the Vaults)
 48596 | Vaults:3 | Identified the scarf "Raweote" {repulsion, rC+ Str+9 Dex-4}
                  | (You acquired it on level 3 of the Vaults)
 48598 | Vaults:3 | Identified the +1 lajatang of Fate {slice, +Blink rPois rC-
                  | Int-4} (You acquired it on level 3 of the Vaults)
 48598 | Vaults:3 | Identified the +3 ring mail "Laokheck" {rElec rC- Int+4
                  | Dex+4} (You acquired it on level 3 of the Vaults)
 48598 | Vaults:3 | Identified the amulet "Viresan" {Acrobat rElec} (You
                  | acquired it on level 3 of the Vaults)
 48964 | Slime:1  | Entered Level 1 of the Pits of Slime
 49677 | D:7      | Killed kosoiffoigrumme1174's ghost
 49788 | D:8      | Killed SansUndertale's ghost
 50292 | Slime:1  | Found a viscous altar of Jiyva.
 51664 | Slime:4  | Noticed Dissolution
 51669 | Slime:4  | Killed Dissolution
 51968 | Slime:5  | Entered Level 5 of the Pits of Slime
 51999 | Slime:5  | Noticed Donald
 52003 | Slime:5  | Killed Donald
 52138 | Slime:5  | Noticed the Royal Jelly
 52141 | Slime:5  | Killed the Royal Jelly
 52259 | Slime:5  | Identified the ring "Ralloydd" {rPois rF+ rC+ SInv}
 52263 | Slime:5  | Identified the ring "Aggeyheo" {rPois MP+9 Str+4 SInv}
 52304 | Slime:5  | Got a slimy rune of Zot
 52321 | Slime:5  | Identified the +1 fire dragon scales "Jemudunu" {rF++ rC-
                  | Int+4 Dex+2 SInv}
 52333 | Slime:5  | Identified the ring "Maonacir" {+Fly rF+ rN+ Slay-6}
 52346 | Slime:5  | Identified the +4 shortbow "Beetlebane" {freeze, rPois rN+
                  | Int+2}
 52347 | Slime:5  | Identified the ring "Inaepnim" {Fire rElec Int-5 Dex+3
                  | SInv}
 52380 | Slime:5  | Identified the +5 battleaxe "Kepuniug" {venom, -Tele rPois
                  | rF+}
 52410 | Slime:5  | Identified the +0 scale mail of Hadjma {rElec rN+ MP+9
                  | SInv}
 53527 | Depths:2 | Reached XP level 25. HP: 155/155 MP: 42/51
 53596 | Depths:2 | Identified the +2 faerie dragon scales {+Fly rPois MR+
                  | rCorr}
 53596 | Depths:2 | Noticed the Enchantress
 53599 | Depths:2 | Killed the Enchantress
 53829 | Depths:2 | Reached skill level 1 in Armour
 54692 | Depths:2 | Found a one-way gate leading to the halls of Pandemonium.
 54807 | Depths:3 | Noticed Mennas
 54811 | Depths:3 | Killed Mennas
 54814 | Depths:3 | Noticed a juggernaut
 54815 | Depths:3 | Reached skill level 15 in Staves
 54922 | Depths:3 | Killed a juggernaut
 55785 | Depths:3 | Identified the cursed +0 chain mail of Jysiseris {rC+}
 56009 | Depths:3 | Reached skill level 5 in Armour
 56171 | Depths:3 | Identified the Volume of Evil Enhancements
 56196 | Depths:3 | Identified the +6 halberd of Puor {protect, *Noise +Fly
                  | Str+3 Dex+7}
 56721 | Depths:4 | Reached XP level 26. HP: 155/166 MP: 47/51
 56771 | Depths:4 | Noticed a juggernaut
 57674 | Depths:4 | Killed a juggernaut
 58121 | Depths:4 | Found a one-way gate to the infinite horrors of the Abyss.
 58286 | Depths:5 | Entered Level 5 of the Depths
 58348 | Depths:5 | Found a gateway to a ziggurat.
 58773 | Depths:5 | Found the +7 lajatang of Order {silver, rMut}
 58785 | Depths:5 | HP: 6/173 [caustic shrike (15)]
 59149 | Depths:5 | Identified the +5 spear "Fadyneda" {pierce, +Blink rF+ rC-
                  | Int+7}
 59791 | Depths:5 | Noticed a golden dragon
 59798 | Depths:5 | Killed a golden dragon
 59801 | Depths:5 | Found a gate to the Realm of Zot.
 59866 | Zot:1    | Entered Level 1 of the Realm of Zot
 60410 | Zot:1    | Reached XP level 27. HP: 136/182 MP: 44/51
 61656 | Zot:2    | Noticed a Killer Klown
 61659 | Zot:2    | Killed a Killer Klown
 61741 | Zot:2    | Noticed an orb of fire
 61741 | Zot:2    | Noticed a golden dragon
 61742 | Zot:2    | Noticed a golden dragon
 61763 | Zot:2    | Killed a golden dragon
 61763 | Zot:2    | Gained mutation: You are clumsy. (Dex -2) [an orb of fire]
 61776 | Zot:2    | Gained mutation: You tend to lose your temper in combat.
                  | [an orb of fire]
 61781 | Zot:2    | Killed an orb of fire
 61784 | Zot:2    | HP: 2/184 [death drake[a green draconian stormcaller] (14)]
 61801 | Zot:2    | Killed a golden dragon
 61803 | Zot:2    | Reached skill level 21 in Dodging
 63427 | Zot:4    | Found a runed translucent gate.
 63427 | Zot:4    | Found an ancient bone altar of Kikubaaqudgha.
 63427 | Zot:4    | Noticed an ancient lich
 63427 | Zot:4    | Noticed Juzit's ghost (legendary GnFi)
 63427 | Zot:4    | Noticed an ancient lich
 63429 | Zot:4    | Found a runed translucent gate.
 63429 | Zot:4    | Noticed an ancient lich
 63429 | Zot:4    | Noticed an ancient lich
 63430 | Zot:4    | Found a runed translucent gate.
 63761 | Zot:4    | Reached skill level 22 in Dodging
 63811 | Zot:4    | Noticed a golden dragon
 63815 | Zot:4    | Killed a golden dragon
 64379 | Zot:4    | Identified the +0 robe "Pigyikhe" {rPois rC++ Str-5 Stlth+}
 64447 | Zot:5    | Entered Level 5 of the Realm of Zot
 65199 | Zot:5    | Reached skill level 23 in Dodging
 65200 | Zot:5    | Identified the cursed +1 executioner's axe of Quoch {chop,
                  | Int+3}
 65202 | Zot:5    | Noticed an orb of fire
 65282 | Zot:5    | Gained mutation: You often lose your temper in combat. [an
                  | orb of fire]
 65292 | Zot:5    | Noticed an ancient lich
 65314 | Zot:5    | Killed an orb of fire
 65318 | Zot:5    | Mangled by a death cob

Skill      XL: |  1  2  3  4  5  6  7  8  9 10 11 12 13 14 15 16 17 18 19 20 21 22 23 24 25 26 27 |
---------------+----------------------------------------------------------------------------------+-----
Conjurations   | 6 7 8 9 11 13 15 16 17 19 20 21 | 21.4
Spellcasting   | 3 4 5 7 9 11 13 15 16 17 19 20 22 | 22.6
Fighting       | 1 2 4 6 10 12 15 17 21 22 | 22.0
Dodging        | 3 4 9 12 15 20 23 | 23.0
Fire Magic     | 4 8 10 14 16 18 19 20 21 | 21.6
Ice Magic      | 2 6 8 |  8.0
Staves         | 5 10 14 16 | 16.0
Crossbows      | 8 |  8.2
Short Blades   | 1 |  1.1
Armour         | 5 |  5.0
Stealth        | |  2.1

Action                   |  1- 3 |  4- 6 |  7- 9 | 10-12 | 13-15 | 16-18 | 19-21 | 22-24 | 25-27 || total
-------------------------+-------+-------+-------+-------+-------+-------+-------+-------+-------++-------
Melee: Unarmed           |     2 |       |     1 |       |       |       |       |       |       ||     3
       Hand axe          |       |       |     2 |    30 |     6 |       |       |       |       ||    38
       Lajatang          |       |       |       |       |    74 |    51 |    52 |    54 |   129 ||   360
       Staff             |       |       |       |       |       |       |       |    10 |     1 ||    11
 Cast: Magic Dart        |    57 |    29 |     5 |       |       |       |       |       |       ||    91
       Searing Ray       |     1 |     5 |     5 |     1 |       |       |       |       |       ||    12
       Iskenderun's Myst |       |     8 |   148 |   319 |   387 |    95 |    30 |    18 |     4 ||  1009
       Sticky Flame      |       |       |       |    16 |     8 |       |     2 |       |       ||    26
       Bolt of Fire      |       |       |       |       |   136 |   281 |   294 |   320 |   348 ||  1379
       Bolt of Cold      |       |       |       |       |     6 |       |       |       |       ||     6
       Icicle Burst      |       |       |       |       |     3 |    27 |    61 |   102 |   157 ||   350
       Ignition          |       |       |       |       |       |    11 |    54 |    59 |    47 ||   171
       Fire Storm        |       |       |       |       |       |       |       |     3 |    56 ||    59
Evoke: Wand              |       |       |       |     9 |     2 |    16 |     2 |       |     5 ||    34
  Use: Potion            |       |       |     1 |       |       |     1 |     4 |     4 |     6 ||    16
       Scroll            |       |       |       |    15 |    10 |     4 |     3 |     5 |    10 ||    47
 Stab: Distracted        |       |       |       |       |     1 |       |       |       |       ||     1
  Eat: Chunk             |     2 |     6 |    13 |    20 |    39 |    16 |    35 |    17 |    41 ||   189
       Ration            |       |       |     1 |     2 |     3 |    14 |     4 |     9 |     4 ||    37
Armor: Robe              |     5 |     1 |     5 |    14 |    43 |    23 |    70 |    31 |       ||   192
       Acid dragon scale |       |       |       |       |       |       |       |       |    41 ||    41
Dodge: Dodged            |     8 |     1 |    37 |   214 |   176 |    91 |    95 |   117 |   197 ||   936
Block: Other             |       |       |       |    24 |     9 |    17 |    21 |    28 |    25 ||   124
       Reflection        |       |       |       |       |     2 |     9 |     5 |     5 |     5 ||    26
